Map: Magannatha LE

Players

mares

  • Race: Protoss Protoss
  • Spawn Location: 5:00

A.I. 1 (Very Easy) - Winner!

  • Race: Terran Terran
  • Spawn Location: 11:00

VOD

Have the link to the VOD?

Description

Time

  • Played on: June 12, 2025, 3:24 a.m.
  • Length: 5:05
Show
View Real Time Build Order
Export as new Build Order

mares Protoss 

Build Orders: 1 Gate Expand, Zealot Archon, Dark Templar Rush 

Get SALT Encoding   

  6  0:00  Probe  
  13  0:12  Probe  
  14  0:17  Pylon  
  14  0:24  Probe  
  14  0:27  Assimilator  
  15  0:32  Probe  
  15  0:40  Probe  
  16  0:46  Gateway  
  17  0:51  Probe  
  18  1:03  Probe  
  19  1:15  Probe  
  20  1:25  Nexus  
  20  1:35  Cybernetics Core  
  20  1:40  Assimilator  
  20  1:44  Probe  
  21  1:51  Pylon  
  21  1:56  Probe  
  21  1:59  Stalker  
  22  2:09  Probe  
  25  2:18  Twilight Council  
  25  2:21  Probe  
  26  2:30  Shield Battery  
  26  2:32  Warp Gate  
  26  2:34  Probe  
  27  2:39  Pylon  
  27  2:45  Probe  
  27  2:48  Sentry  
  30  2:51  Probe  
  31  3:00  Robotics Facility  
  31  3:10  Dark Shrine  
  31  3:12  Probe  
  32  3:14  Probe  
  33  3:21  Gateway  
  33  3:24  Probe  
  33  3:26  Probe  
  35  3:38  Gateway  
  35  3:40  Gateway  
  35  3:41  Warp Prism  
  35  3:54  Probe  
  38  3:56  Probe  
  38  3:59  Assimilator  
  39  4:04  Assimilator  
  39  4:07  Probe  
  39  4:08  Probe  
  41  4:22  Dark Templar x2  
  45  4:27  Probe x2  
  47  4:39  Probe x2  
  47  4:40  Dark Templar x2  
  53  4:47  Forge  
  53  4:55  Pylon  
  53  4:56  Archon  
  54  5:03  Nexus  
Show
View Real Time Build Order
Export as new Build Order

A.I. 1 (Very Easy) Terran - Winner!

Build Orders:  

Get SALT Encoding   

  6  0:00  SCV  
  13  0:13  SCV  
  14  0:18  Supply Depot  
  14  0:37  Refinery  
  14  0:42  Barracks  
  14  1:03  Supply Depot  
  14  1:12  Refinery  
  14  1:29  SCV, Marine  
  16  1:41  SCV  
  17  1:53  SCV  
  18  2:05  SCV, Marine  
  20  2:17  SCV  
  21  2:29  SCV  
  22  2:41  Orbital Command, Marine  
  23  4:37  Marine  
  23  4:38  SCV  
  14  4:50  SCV  
Tags
 
Add a new tag
Caveats
  • Supply blocks, unpowered buildings, or Contaminate may cause inaccurate times.
  • Supply counts are checked every 10 seconds.